 Dungeon Crawl Stone Soup version 0.15-a0-1472-ge546950 (webtiles) character file.

68 Quh the Abyss-Baptised (level 4, -11/35 HPs)
             Began as a Demonspawn Abyssal Knight on June 13, 2014.
             Was an Initiate of Lugonu.
             Mangled by an ogre
             ... wielding a cursed -3,-1 giant club
              (15 damage)
             ... on Level 3 of the Dungeon.
             The game lasted 00:06:59 (2298 turns).

Quh the Abyss-Baptised (Demonspawn Abyssal Knight)  Turns: 2298, Time: 00:06:59

HP -11/35        AC 11     Str 14      XL: 4   Next:  1%
MP   7/7         EV  5     Int 13      God: Lugonu [......]
Gold 42          SH  0     Dex 12      Spells:  0 memorised,  3 levels left

rFire  . . .     SeeInvis .     a - +1 spear
rCold  . . .     Clarity  .     r - +0 chain mail
rNeg   . . .     rCorr    .     (no shield)
rPois  .         rRot     .     (no helmet)
rElec  .         Spirit   .     (no cloak)
SustAb .         Warding  .     (no gloves)
rMut   .         Stasis   .     (no boots)
Gourm  .                        (no amulet)
MR     .....                    (no ring)
                                (no ring)

@: not resistant to hostile enchantments, extremely unstealthy
A: slimy green scales 2
a: Renounce Religion


You were on level 3 of the Dungeon.
You worshipped Lugonu.
Lugonu was noncommittal.
You were very hungry.

You visited 1 branch of the dungeon, and saw 3 of its levels.
You visited the Abyss 1 time.

You collected 42 gold pieces.

Inventory:

Hand weapons
 a - a +1,+1 spear (weapon)
 e - a +0,+0 spear
 h - a +0,+0 club
 w - a +1,+1 shortbow
Missiles
 p - 29 sling bullets
 q - 44 stones (quivered)
Armour
 b - a +0 leather armour
 j - a +0 buckler
 r - a +0 chain mail (worn)
Comestibles
 c - 2 bread rations
 A - 2 chunks of orc flesh
 B - a beef jerky
 C - a meat ration
Scrolls
 g - a scroll of amnesia {unknown}
 i - a scroll of random uselessness {unknown}
 k - 3 scrolls of fog {unknown}
 l - a scroll of enchant armour {unknown}
 m - 2 scrolls of recharging {unknown}
 n - a scroll of remove curse {unknown}
 o - a scroll of teleportation {unknown}
 s - a scroll of enchant weapon I {unknown}
 v - a scroll of immolation {unknown}
 x - a scroll of identify {unknown}
 y - a scroll of blinking {unknown}
Potions
 d - a potion of haste {unknown}
 f - a potion of heal wounds {unknown}
 t - a potion of curing {unknown}
 u - a potion of magic {unknown}
 z - a potion of flight {unknown}


   Skills:
 - Level 3.0 Fighting
 * Level 3.3 Polearms
 - Level 1.7 Armour
 - Level 0.8 Dodging
 + Level 3.7 Invocations


You had 3 spell levels left.
You didn't know any spells.

Dungeon Overview and Level Annotations

Branches:
Dungeon (3/15)

Altars:
Ashenzari
Kikubaaqudgha
Qazlal
Zin


Innate Abilities, Weirdness & Mutations

You are mostly covered in slimy green scales (AC +3).


Message History

You hit the ogre.
The ogre is moderately wounded.
You hit the ogre but do no damage.
The ogre is moderately wounded.
The ogre hits you with a giant club!
You are feeling very hungry.
Found a scratched tourmaline ring.
Found a stone staircase leading up.
A goblin comes into view.
The goblin shouts!
Found a bread ration.
You barely miss the goblin. The ogre hits you with a giant club!
* * * LOW HITPOINT WARNING * * *
The goblin hits you but does no damage.
Found a fire dragon hide.
The goblin hits you but does no damage.
There is a stone staircase leading up here.
You can't go down here!
The goblin hits you but does no damage. The ogre hits you with a giant club!
You die...

##......##
#.##..#.#.......#
##)###..###.###.###..<...#
#..........####.........#
......................#.###
#######...###########.#
#..## ####[###.# #....
...%..##.# # #.####
###...##.#.# #.#
####..@g......#
#..........O...####
########.......# ###...###
#...# #####


You could see an ogre and a goblin.

Vanquished Creatures
  2 adders (D:2)
  An inept item mimic (D:2)
  An inept feature mimic (D:3)
  6 orcs
  6 goblins
  4 hobgoblins
  A quokka (D:2)
  3 bats
  2 giant newts
  2 kobolds (D:2)
  3 rats
31 creatures vanquished.

Vanquished Creatures (others)
  4 toadstools (D:1)
4 creatures vanquished.

Grand Total: 35 creatures vanquished

Notes
Turn   | Place    | Note
--------------------------------------------------------------
     0 | Abyss:1  | Quh, the Demonspawn Abyssal Knight, began the quest for the Orb.
     0 | Abyss:1  | Reached XP level 1. HP: 18/18 MP: 1/1
    29 | Abyss:1  | Noticed a large abomination
    29 | Abyss:1  | Noticed a thrashing horror
    31 | D:1      | Escaped the Abyss
   569 | D:1      | Gained mutation: You are partially covered in slimy green scales (AC +2). [demonic ancestry]
   569 | D:1      | Reached XP level 2. HP: 8/24 MP: 2/2
  1452 | D:2      | Gained mutation: You are mostly covered in slimy green scales (AC +3). [demonic ancestry]
  1452 | D:2      | Reached XP level 3. HP: 20/29 MP: 3/5
  1826 | D:2      | Found a stormy altar of Qazlal.
  1826 | D:2      | Found a shattered altar of Ashenzari.
  2165 | D:2      | Found a glowing silver altar of Zin.
  2166 | D:2      | Found an ancient bone altar of Kikubaaqudgha.
  2234 | D:3      | Reached XP level 4. HP: 33/35 MP: 7/7
  2258 | D:3      | Noticed an ogre
  2298 | D:3      | Mangled by an ogre

Action                   |  1- 3 |  4- 6 || total
-------------------------+-------+-------++-------
Melee: Spear             |   110 |     8 ||   118
Throw: Stone             |    11 |     1 ||    12
Invok: Depart the Abyss  |     1 |       ||     1
